 Dungeon Crawl Stone Soup version 0.29-a0-283-ga02f740833 (webtiles) character file.

Game seed: 12248891149646577724

1080 frimble the Skirmisher (level 8, -8/61 HPs)
             Began as a Djinni Cinder Acolyte on Mar 14, 2022.
             Was a High Priest of Ignis.
             Mangled by an ogre
             ... wielding a +0 giant club
              (26 damage)
             ... on level 5 of the Dungeon.
             The game lasted 00:05:54 (5271 turns).

frimble the Skirmisher (Djinni Cinder Acolyte)      Turns: 5271, Time: 00:05:54

Health: -8/61      AC:  8    Str: 15    XL:     8   Next: 55%
Gold:   245        EV: 10    Int: 15    God:    Ignis [*****.] SH:  0 Dex: 10

rFire   + + +      SeeInvis .   m - +0 short sword (venom)
rCold   x . .      Faith    .   (no shield)
rNeg    . . .      Spirit   .   l - +2 ring mail {rPois}
rPois   ∞          Reflect  .   (no helmet)
rElec   .          Harm     .   (no cloak)
rCorr   .          Rampage  .   a - +0 pair of gloves
Will    .....                   (boots unavailable)
Stlth   ..........              (no amulet)
HPRegen 0.20/turn               p - +4 ring of slaying
MPRegen 0.00/turn               (no ring)

@: flying
A: sickness immunity, fire resistance 2, cold vulnerability 1, float, innate
caster, HP casting, extra vitality 1
a: Renounce Religion, Fiery Armour, Foxfire Swarm, Rising Flame


You were on level 5 of the Dungeon.
You worshipped Ignis.
Ignis was extremely pleased with you.
You visited 1 branch of the dungeon, and saw 6 of its levels.
You also visited: Sewer.

You collected 245 gold pieces.

Inventory:

Hand Weapons
 m - a +0 short sword of venom (weapon)
Missiles
 j - a throwing net
Armour
 a - a +0 pair of gloves (worn)
 l - a +2 ring mail of poison resistance (worn)
Jewellery
 n - a ring of fire
 o - a +6 ring of dexterity
 p - a +4 ring of slaying (left hand)
Scrolls
 d - 3 scrolls of teleportation
 h - a scroll of blinking
 q - 3 scrolls of identify
Potions
 b - a potion of heal wounds {unknown}
 c - 2 potions of might
 e - a potion of attraction
 f - 2 potions of mutation
 g - a potion of curing {unknown}
 i - a potion of cancellation {unknown}
 k - a potion of invisibility {unknown}


   Skills:
 + Level 6.2 Fighting
 + Level 5.6 Short Blades
 + Level 4.8 Spellcasting


You had 8 spell levels left.
You knew the following spells:

 Your Spells              Type           Power      Damage    Failure   Level
a - Scorch                Fire           36%        2d7       7%          2
b - Animate Skeleton      Necr           36%        N/A       4%          1
c - Passwall              Tmut/Erth      15%        N/A       7%          2
d - Portal Projectile     Hex/Tloc       36%        N/A       14%         3
Your spell library was empty.

Dungeon Overview and Level Annotations

Branches:
Dungeon (6/15)              Sewer (visited)
 Temple: D:4-7

Altars:
Okawaru

Shops:
D:5 [


Innate Abilities, Weirdness & Mutations

You are immune to sickness and miasma.
You are immune to poison.
Your flesh is very heat resistant. (rF++)
You are vulnerable to cold. (rC-)
You float through the air rather than walking.
You learn spells naturally, not from books.
Your magical power is your life essence.
You have superior vitality. (+4 MHP)


Message History

The orc attacks as you move away! The orc hits you but does no damage.
The orc attacks as you move away! The orc hits you but does no damage.
Casting: Scorch (safe; 7% risk of failure)
Confirm with . or Enter, or press ? or * to list all spells.
Flames lash something.
You hear a shout!
The orc hits you with a +0 dagger.
Casting: Scorch (safe; 7% risk of failure)
Confirm with . or Enter, or press ? or * to list all spells.
Flames lash the orc.
You kill the orc!
Casting: Scorch (safe; 7% risk of failure)
Confirm with . or Enter, or press ? or * to list all spells.
Flames lash something.
Reactivating autopickup.
You feel a bit more experienced.
Casting: Scorch (safe; 7% risk of failure)
Confirm with . or Enter, or press ? or * to list all spells.
Flames lash the ogre.
The ogre is moderately wounded.
The ogre's fire resistance burns away.
Casting: Scorch (safe; 7% risk of failure)
Confirm with . or Enter, or press ? or * to list all spells.
Flames lash the ogre.
The ogre is burned terribly!
The ogre is heavily wounded.
The ogre hits you with a +0 giant club!!
Casting: Scorch (safe; 7% risk of failure)
Confirm with . or Enter, or press ? or * to list all spells.
Flames lash the ogre.
The ogre is burned terribly!
The ogre is severely wounded.
The orc wizard casts a spell.
The orc wizard flickers and vanishes!
Deactivating autopickup; reactivate with Ctrl-A.
Casting: Scorch (safe; 7% risk of failure)
Confirm with . or Enter, or press ? or * to list all spells.
Flames lash the ogre.
The ogre is burned terribly!
The ogre is almost dead.
* * * LOW HITPOINT WARNING * * *
The ogre hits you with a +0 giant club!!
You die...

...........#.#
#..........#.#
#..........#.#
#............#
..##.......###
#.......#..#
#o)(.......#
........##.###########
.<.#......{....O@.)..#
# ##.#)##.#########.#
#.#.##.# .......#
.###.#### ## #.# #.#
..#


You could see an ogre (combustible).

Vanquished Creatures
  Sigmund (D:2)
  A steam dragon (D:4)
  A water moccasin (D:5)
  An ogre (D:6)
  A scorpion (D:4)
  A necrophage (D:3)
  A howler monkey (D:4)
  A hound (D:4)
  2 orc priests (D:4)
  A gnoll shaman (D:4)
  Jessica (D:3)
  A merfolk siren (Sewer)
  An orc wizard (D:5)
  A merfolk avatar (Sewer)
  3 gnolls (D:4)
  A river rat (Sewer)
  4 adders
  A shadow imp (D:6)
  A white imp (D:6)
  3 worms
  3 dart slugs (D:3)
  5 orcs
  5 bats
  9 endoplasms
  7 giant cockroaches
  7 goblins
  6 hobgoblins
  7 kobolds
  7 quokkas
  8 ball pythons
  7 frilled lizards
  29 rats
128 creatures vanquished.

Notes
Turn   | Place    | Note
-------+----------+-------------------------------------------
     0 | D:1      | frimble the Djinni Cinder Acolyte began the quest for the
                  | Orb.
     0 | D:1      | Reached XP level 1. HP: 20/20 MP: 0/0
   424 | D:1      | Reached XP level 2. HP: 20/25 MP: 0/0
  1307 | D:2      | Found a faded altar of an unknown god.
  1400 | D:2      | Noticed Sigmund
  1471 | D:2      | Killed Sigmund
  1472 | D:2      | Reached skill level 4 in Fighting
  1472 | D:2      | Reached XP level 3. HP: 21/31 MP: 0/0
  1472 | D:2      | Learned a level 1 spell: Animate Skeleton
  1472 | D:2      | Reached XP level 4. HP: 25/37 MP: 0/0
  1472 | D:2      | Reached XP level 5. HP: 28/41 MP: 0/0
  1472 | D:2      | Learned a level 2 spell: Passwall
  1592 | D:2      | Reached XP level 6. HP: 32/47 MP: 0/0
  2873 | D:3      | Noticed Jessica
  2884 | D:3      | Killed Jessica
  3403 | D:3      | Found an iron altar of Okawaru.
  3491 | D:4      | Reached XP level 7. HP: 25/53 MP: 0/0
  3491 | D:4      | Learned a level 3 spell: Portal Projectile
  3706 | D:4      | Found a glowing drain.
  3720 | Sewer    | Entered a sewer
  3852 | Sewer    | Reached skill level 5 in Fighting
  4230 | Sewer    | Identified the +1 mace of the Secret Hells {vorpal, Will-
                  | Str+7 Dex+8}
  4232 | Sewer    | Identified the +8 mace "Qousopna" {pain, rElec}
  4496 | D:4      | Noticed a steam dragon
  4513 | D:4      | Killed a steam dragon
  4514 | D:4      | Reached skill level 5 in Short Blades
  4514 | D:4      | Reached XP level 8. HP: 38/61 MP: 0/0
  4810 | D:4      | You are sucked into a shaft and drop 2 floors!
  4819 | D:6      | Reached skill level 6 in Fighting
  5093 | D:5      | Entered Level 5 of the Dungeon
  5216 | D:5      | Found Siyxas's Armour Shoppe.
  5271 | D:5      | Mangled by an ogre

Illustrated notes

Levels and vault maps discovered:
D:1:      psy_arrival_basics, layout_loops_ring, minmay_box_of_dots
D:2:      layout_basic, nicolae_ecumenical_oubliette, uniq_sigmund
D:3:      minmay_bubble_buster, layout_basic, pf_just_have_faith, uniq_jessica
D:4:      layout_basic, mainiacjoe_overflow_catwalk, gup_sewer_entry_bubbles,
          biasface_ghost_orc_armoury, nicolae_ossuary_entry_false_entrances,
          minmay_stone_trees_small, uniq_menkaure
D:5:      layout_loops_ring, mainiacjoe_overflow_brackets,
          kennysheep_little_box, serial_shops, nicolae_shop_crystal,
          grunt_decor_arrowhead
D:6:      layout_loops_ring, serial_shops, nicolae_shop_statue_plus

Skill      XL: |  1  2  3  4  5  6  7  8 |
---------------+-------------------------+-----
Fighting       | 4 5 6 |  6.2
Short Blades   | 3 4 5 |  5.6
Spellcasting   | 3 4 |  4.8

Action                   |  1- 3 |  4- 6 |  7- 9 || total
-------------------------+-------+-------+-------++-------
Melee: Short sword       |    49 |   155 |   139 ||   343
       Punch             |       |     1 |       ||     1
 Cast: Scorch            |     6 |     7 |    38 ||    51
       Passwall          |       |       |     2 ||     2
  Use: Scroll            |     3 |     7 |       ||    10
       Potion            |       |       |     1 ||     1
Armor: Robe              |    20 |       |       ||    20
       Ring mail         |       |    70 |    51 ||   121
Dodge: Dodged            |    40 |    82 |    63 ||   185

Table legend: (Time is in decaauts)
 A = Elapsed time spent in this place.
 B = Non-inter-level travel time spent in this place.
 C = Inter-level travel time spent in this place.
 D = Time resting spent in this place.
 E = Time spent auto-exploring this place.
 F = Levels seen in this place.
 G = Mean time per level.
                   A        B        C        D        E       F      G
               +--------+--------+--------+--------+--------+-----+--------+
         Total |   5217 |   5013 |    204 |    474 |   3647 |   7 |  745.3 |
       Dungeon |   4711 |   4507 |    204 |    265 |   3511 |   6 |  785.2 |
         Sewer |    506 |    506 |      0 |    209 |    135 |   1 |  506.0 |
               +--------+--------+--------+--------+--------+-----+--------+

Top non-repeatable levels by time:
     D:1: 1442 daAuts
     D:3: 1098 daAuts
     D:2: 1083 daAuts
     D:4: 629 daAuts
   Sewer: 506 daAuts
     D:6: 281 daAuts
     D:5: 176 daAuts
